 Dungeon Crawl Stone Soup version 0.17-a0-701-gb6462b4 (webtiles) character file.

209 kusayu the Magician (level 5, -6/31 HPs)
             Began as an Octopode Wizard on Apr 19, 2015.
             Killed by nerve-wracking pain
             ... invoked by Menkaure
              (11 damage)
             ... on level 4 of the Dungeon.
             The game lasted 00:14:47 (2861 turns).

kusayu the Magician (Octopode Wizard)               Turns: 2861, Time: 00:14:48

Health: -6/31      AC:  2    Str:  6    XL:     5   Next: 87%
Magic:  2/11       EV: 12    Int: 21    God:
Gold:   135        SH:  0    Dex: 11    Spells: 4 memorised, 4 levels left

rFire  + . .     SeeInvis .     b - +0 trident
rCold  x . .     Clarity  .     (no shield)
rNeg   . . .     SustAb   .     i - +1 hat
rPois  .         Gourm    .     (no amulet)
rElec  .         Spirit   .     e - ring of fire
rCorr  .         Warding  .     o - ring of protection from magic
rMut   .         Stasis   .     (no ring)
MR     +....                    (no ring)
Stlth  ++++......               (no ring)
                                (no ring)
                                (no ring)
                                (no ring)

@: repel missiles, somewhat resistant to hostile enchantments, stealthy
A: almost no armour, amphibious, 8 rings, constrict 8, camouflage 1, gelatinous
body 1
a: no special abilities


You were on level 4 of the Dungeon.
You were not hungry.

You visited 1 branch of the dungeon, and saw 4 of its levels.

You collected 135 gold pieces.

Inventory:

Hand weapons
 a - a +2 dagger of speed
 b - a +0 trident (weapon)
 s - a +1 dagger of draining
Armour
 i - a +1 hat (worn)
Jewellery
 e - a ring of fire (left tentacle)
 o - a ring of protection from magic (right tentacle)
Scrolls
 l - 4 scrolls of identify
Potions
 j - a potion of restore abilities
Books
 c - a book of Minor Magic

   Spells                             Type                      Level
   a - Magic Dart                     Conjuration                  1
   b - Blink                          Translocation                2
   c - Call Imp                       Summoning                    2
   d - Repel Missiles                 Charms/Air                   2
   e - Slow                           Hexes                        2
   f - Conjure Flame                  Conjuration/Fire             3
   g - Mephitic Cloud                 Conjuration/Poison/Air       3
Comestibles
 d - a bread ration
 f - 2 meat rations
 g - 2 chunks of flesh
 p - 4 fruits


   Skills:
 - Level 2.0 Dodging
 - Level 4.0 Stealth
 + Level 4.4 Spellcasting
 - Level 3.7 Conjurations
   Level 1.0 Summonings
 - Level 1.0 Translocations


You had 4 spell levels left.
You knew the following spells:

 Your Spells              Type           Power        Failure   Level  Hunger
a - Magic Dart            Conj           ###.         2%          1    None
b - Blink                 Tloc           N/A          12%         2    #......
c - Conjure Flame         Conj/Fire      ###.....     21%         3    ##.....
r - Repel Missiles        Chrm/Air       #.....       17%         2    #......


Dungeon Overview and Level Annotations

Branches:
Dungeon (4/15)
 Temple: D:4-7

Altars:

Annotations:
D:4 Dowan, Duvessa, Menkaure


Innate Abilities, Weirdness & Mutations

You cannot wear most types of armour.
You are amphibious.
You can wear up to eight rings at the same time.
You can use your tentacles to constrict eight enemies at once.
Your skin changes colour to match your surroundings (Stealth).
Your rubbery body absorbs attacks (AC +1).


Message History

Casting: Magic Dart
Confirm with . or Enter, or press ? or * to list all spells.
Aiming: Magic Dart
Press: ? - help, Shift-Dir - straight line, f/p - Menkaure
Aim: Menkaure (severely damaged, fast)
The magic dart hits Menkaure.
Menkaure is severely damaged.
Casting: Magic Dart
Confirm with . or Enter, or press ? or * to list all spells.
You don't have enough magic to cast that spell.
You are too injured to fight recklessly!
Evoke which item? (* to show all) (? for menu, Esc to quit)
Attack whom?
Press: ? - help, Dir - move target cursor, f/p - Menkaure
Aim: Menkaure (severely damaged, fast)
You reach to attack!
You hit Menkaure but do no damage.
Menkaure is severely damaged.
Menkaure casts a spell at you. Pain shoots through your body!
You die...

#######....####....<....####...##
..............'.........'........
#####.......###.........####...#.
#..#.#...# ##.......## ##.##.
#..#.....# ##M....## #.##.
#..###...# ##...## #....
##.###.#.# ##'## ####.
#.......#######.####### #.
#####.###...@.M...#...## #> #.#
#.#####.#..###.#####. #.# #.#
#......# #....... #.# #.#
#......###.######
##.###.###.....#.†.##
#..........#.#.#####
##.###.........# ### ###########


You could see Menkaure.

Vanquished Creatures
  An orc wizard (D:4)
  An orc priest (D:4)
  2 worker ants (D:4)
  An adder (D:3)
  3 gnolls
  2 oozes (D:3)
  A giant gecko (D:2)
  5 orcs (D:4)
  4 bats
  3 giant cockroaches (D:1)
  3 hobgoblins
  6 jackals (D:2)
  4 kobolds
  A quokka (D:4)
  2 ball pythons
  4 giant newts
  8 goblins
  5 rats
56 creatures vanquished.

Notes
Turn   | Place    | Note
--------------------------------------------------------------
     0 | D:1      | kusayu, the Octopode Wizard, began the quest for the Orb.
     0 | D:1      | Reached XP level 1. HP: 11/11 MP: 4/4
   316 | D:1      | Reached XP level 2. HP: 17/17 MP: 6/6
   320 | D:1      | Learned a level 2 spell: Blink
   323 | D:1      | Learned a level 2 spell: Repel Missiles
   798 | D:2      | Reached XP level 3. HP: 13/21 MP: 7/7
   972 | D:2      | You fall through a shaft!
   983 | D:3      | Learned a level 3 spell: Conjure Flame
  1619 | D:2      | Reached XP level 4. HP: 27/27 MP: 5/9
  1948 | D:4      | Noticed Menkaure
  2235 | D:4      | Noticed Duvessa
  2238 | D:4      | Noticed Dowan
  2345 | D:4      | Reached skill level 4 in Stealth
  2345 | D:4      | Reached XP level 5. HP: 19/31 MP: 10/10
  2861 | D:4      | Killed from afar by Menkaure

Action                   |  1- 3 |  4- 6 || total
-------------------------+-------+-------++-------
Melee: Dagger            |    46 |    56 ||   102
       Unarmed           |     1 |       ||     1
       Trident           |       |     9 ||     9
 Cast: Magic Dart        |    32 |    36 ||    68
       Repel Missiles    |     1 |       ||     1
       Blink             |     3 |     2 ||     5
       Conjure Flame     |     1 |     3 ||     4
  Use: Scroll            |       |     5 ||     5
       Potion            |       |     4 ||     4
 Stab: Sleeping          |     7 |     7 ||    14
  Eat: Chunk             |     2 |     4 ||     6
